 Dungeon Crawl Stone Soup version 0.29.1-4-g47bece8355 (webtiles) character file.

Game seed: 10641228153530420729

199 Peloso the Trooper (level 5, -1/48 HPs)
             Began as a Minotaur Fighter on Dec 3, 2022.
             Slain by Edmund
             ... wielding a +2 dire flail of holy wrath
              (5 damage)
             ... on level 4 of the Dungeon.
             The game lasted 00:04:04 (2962 turns).

Peloso the Trooper (Minotaur Fighter)               Turns: 2962, Time: 00:04:05

Health: -1/48      AC: 10    Str: 21    XL:     5   Next: 48%
Magic:  4/4        EV:  7    Int:  5    God:
Gold:   197        SH:  4    Dex: 11    Spells: 4/4 levels left

rFire   + . .      SeeInvis .   a - +0 long sword
rCold   . . .      Faith    .   c - +0 buckler
rNeg    . . .      Spirit   .   i - +0 chain mail
rPois   .          Reflect  .   (helmet restricted)
rElec   .          Harm     .   (no cloak)
rCorr   .          Rampage  .   (no gloves)
Will    .....                   h - +0 pair of boots
Stlth   ..........              (no amulet)
HPRegen 0.16/turn               o - ring of protection from fire
MPRegen 0.09/turn               (no ring)

@: no status effects
A: horns 2, retaliatory headbutt
a: no special abilities


You were on level 4 of the Dungeon.
You visited 1 branch of the dungeon, and saw 4 of its levels.

You collected 197 gold pieces.

Inventory:

Hand Weapons
 a - a +0 long sword (weapon)
Armour
 b - a +0 scale mail
 c - a +0 buckler (worn)
 h - a +0 pair of boots (worn)
 i - a +0 chain mail (worn)
Jewellery
 o - a ring of protection from fire (left hand)
Wands
 m - a wand of roots (1)
Scrolls
 k - 2 scrolls of noise {unknown}
 l - 2 scrolls of enchant weapon {unknown}
 q - 2 scrolls of amnesia {unknown}
 s - a scroll of magic mapping {unknown}
Potions
 d - 2 potions of might
 e - a potion of ambrosia
 f - a potion of invisibility
 g - 2 potions of curing
 j - a potion of flight
 n - 3 potions of mutation {unknown}
 p - a potion of lignification {unknown}
 r - a potion of heal wounds {unknown}


   Skills:
 + Level 5.2 Fighting
 + Level 4.4 Long Blades
 + Level 4.6 Armour
 + Level 0.4 Dodging
 + Level 0.3 Stealth
 + Level 4.1 Shields


You had 4 spell levels left.
You didn't know any spells.
Your spell library contained the following spells:

 Spells                   Type           Power      Damage    Failure   Level
 Beastly Appendage        Tmut           0%         N/A       99%         1
 Necrotise                Necr           0%         1d4       99%         1
 Blink                    Tloc           0%         N/A       100%        2
 Wereblood                Tmut           0%         N/A       100%        2
 Gell's Gravitas          Tloc           0%         N/A       100%        3
 Ignite Poison            Fire/Tmut/Pois 0%         N/A       100%        3
 Mephitic Cloud           Conj/Pois/Air  0%         N/A       100%        3
 Spider Form              Tmut/Pois      0%         N/A       100%        3
 Teleport Other           Tloc           0%         N/A       100%        3
 Vampiric Draining        Necr           0%         2d6       100%        3
 Agony                    Necr           0%         N/A       100%        5
 Freezing Cloud           Conj/Ice/Air   0%         6-21      100%        5
 Manifold Assault         Tloc           0%         N/A       100%        5
 Dispersal                Tloc           0%         N/A       100%        6
 Storm Form               Tmut/Air       0%         N/A       100%        7


Dungeon Overview and Level Annotations

Branches:
Dungeon (4/15)
 Temple: D:4-7

Altars:
Kikubaaqudgha
Makhleb
Sif Muna

Annotations:
D:4 Edmund


Innate Abilities, Weirdness & Mutations

You have a pair of horns on your head.
You reflexively headbutt those who attack you in melee.


Message History

You hit Edmund but do no damage. Edmund hits you but does no damage.
You barely miss Edmund. You headbutt Edmund!
Edmund is lightly wounded.
Edmund hits you but does no damage.
You barely miss Edmund. Your headbutt misses Edmund.
Edmund is lightly wounded.
Edmund hits you with a +2 dire flail of holy wrath.
You closely miss Edmund. You headbutt Edmund!
Edmund is heavily wounded.
You block Edmund's attack.
You barely miss Edmund.
Edmund is heavily wounded.
You block Edmund's attack.
Edmund hits you with a +2 dire flail of holy wrath!
You hit Edmund.
Edmund is heavily wounded.
Edmund hits you with a +2 dire flail of holy wrath.
You barely miss Edmund.
Edmund is heavily wounded.
Edmund barely misses you.
You barely miss Edmund. Your headbutt misses Edmund.
Edmund is heavily wounded.
Edmund hits you with a +2 dire flail of holy wrath!
You hit Edmund but do no damage. You headbutt Edmund, but do no damage.
Edmund is heavily wounded.
You block Edmund's attack.
You hit Edmund but do no damage.
Edmund is heavily wounded.
Edmund says, "A flail is better than a scythe, any day of the week!"
Edmund hits you with a +2 dire flail of holy wrath!
* * * LOW HITPOINT WARNING * * *
Edmund hits you with a +2 dire flail of holy wrath.
* * * LOW HITPOINT WARNING * * *
You slash Edmund! Your headbutt misses Edmund.
Edmund is severely wounded.
You block Edmund's attack.
You barely miss Edmund.
Edmund is severely wounded.
Edmund hits you with a +2 dire flail of holy wrath.
You die...

.. ...
....####+###
.<.........#
......@@...###
........<....#
.............#
...).........#
.............#
.............#
.............#
.............#
#...........#


You could see Edmund.

Vanquished Creatures
  A phantom (D:3)
  Ijyb (D:2)
  3 adders
  2 dart slugs (D:2)
  An orc (D:2)
  4 ball pythons
  7 endoplasms
  2 giant cockroaches
  11 goblins
  4 hobgoblins
  11 jackals
  5 kobolds
  A quokka (D:2)
  5 bats
  A frilled lizard (D:2)
  4 rats
63 creatures vanquished.

Notes
Turn   | Place    | Note
-------+----------+-------------------------------------------
     0 | D:1      | Peloso the Minotaur Fighter began the quest for the Orb.
     0 | D:1      | Reached XP level 1. HP: 19/19 MP: 0/0
   357 | D:1      | Reached XP level 2. HP: 26/27 MP: 1/1
   680 | D:1      | Reached skill level 4 in Fighting
  1054 | D:2      | Reached XP level 3. HP: 33/33 MP: 2/2
  1496 | D:2      | Found a faded altar of an unknown god.
  1627 | D:2      | Noticed Ijyb
  1646 | D:2      | Killed Ijyb
  1647 | D:2      | Reached XP level 4. HP: 24/41 MP: 3/3
  2080 | D:3      | Noticed a phantom
  2097 | D:3      | Killed a phantom
  2098 | D:3      | Reached skill level 5 in Fighting
  2098 | D:3      | Reached XP level 5. HP: 33/48 MP: 4/4
  2407 | D:3      | Found an ancient bone altar of Kikubaaqudgha.
  2800 | D:3      | Found a shimmering blue altar of Sif Muna.
  2800 | D:3      | Found a burning altar of Makhleb.
  2949 | D:4      | Noticed Edmund
  2962 | D:4      | Slain by Edmund

Illustrated notes

Levels and vault maps discovered:
D:1:      tarquinn_simple_flora_water_e, layout_basic
D:2:      kennysheep_the_goblin_king, layout_basic,
          hellmonk_ecumenical_altar_arch_garden
D:3:      layout_loops_ring, lemuel_doored_altar, nicolae_overflow_squiral,
          hangedman_decor_clover_reticule, minmay_goblin_kobold_house
D:4:      layout_basic, gup_sewer_entry_bubbles, uniq_edmund

Skill      XL: |  1  2  3  4 |
---------------+-------------+-----
Armour         | 4 |  4.6
Fighting       | 4 5 |  5.2
Long Blades    | 3 4 |  4.4
Shields        | 4 |  4.1
Dodging        | |  0.4
Stealth        | |  0.3

Action                   |  1- 3 |  4- 6 || total
-------------------------+-------+-------++-------
Melee: Long sword        |    90 |    82 ||   172
       Headbutt          |    16 |    14 ||    30
  Use: Scroll            |     4 |     1 ||     5
Armor: Scale mail        |    10 |       ||    10
       Chain mail        |    32 |    65 ||    97
Dodge: Dodged            |    45 |    26 ||    71
Block: Buckler           |    18 |    27 ||    45
